 Dungeon Crawl Stone Soup version 0.21-a0-243-g597973d (webtiles) character file.

18825 Kidiri the Thaumaturge (level 12, -8/68 HPs)
             Began as a Deep Elf Fire Elementalist on Sept 4, 2017.
             Was an Elder of Vehumet.
             Mangled by an earth elemental (31 damage)
             ... in a volcano.
             The game lasted 00:43:48 (15576 turns).

Kidiri the Thaumaturge (DEFE)                      Turns: 15576, Time: 00:43:49

Health: -8/68      AC: 16    Str:  9    XL:     12   Next: 31%
Magic:  31/31      EV: 18    Int: 28    God:    Vehumet [****..]
Gold:   593        SH:  0    Dex: 19    Spells: 13/37 levels left

rFire    . . .     SeeInvis .   F - +8 rapier of Glory {holy, +Inv Str+4 Dex+2}
rCold    . . .     Gourm    .   (no shield)
rNeg     . . .     Faith    .   B - +3 leather armour
rPois    +         Spirit   .   (no helmet)
rElec    .         Reflect  .   H - +2 cloak
rCorr    .         Harm     .   b - +0 pair of gloves
MR       +....                  y - +2 pair of boots
Stlth    ++........             (no amulet)
HPRegen  0.21/turn              I - +2 ring of protection
MPRegen  0.22/turn              g - ring of poison resistance

@: no status effects
A: agile 1, clever 1, sturdy frame 1
a: Renounce Religion, Evoke Invisibility


You were in a volcano.
You worshipped Vehumet.
Vehumet was greatly pleased with you.
You were not hungry.

You visited 3 branches of the dungeon, and saw 15 of its levels.
You also visited: Volcano.

You collected 593 gold pieces.

Inventory:

Hand Weapons
 m - a +1 quick blade of flaming
 F - the +8 rapier of Glory (weapon) {holy, +Inv Str+4 Dex+2}
   (You found it on level 6 of the Dungeon)

   It has been blessed by the Shining One to cause great damage to the undead
   and demons.
   It affects your strength (+4).
   It affects your dexterity (+2).
   It lets you turn invisible.
Armour
 b - a +0 pair of gloves (worn)
 k - a +1 cloak
 y - a +2 pair of boots (worn)
 B - a +3 leather armour (worn)
 H - a +2 cloak (worn)
 J - a +3 leather armour of fire resistance
Jewellery
 g - a ring of poison resistance (right hand)
 h - a +1 ring of protection
 p - an uncursed ring of ice
 x - an uncursed ring of stealth
 I - a +2 ring of protection (left hand)
Wands
 e - a wand of paralysis (13/24)
 A - a wand of confusion (12/48)
 G - a wand of polymorph (3/24)
Scrolls
 i - 6 scrolls of recharging
 o - 11 scrolls of remove curse
 w - 6 scrolls of amnesia
 z - 2 scrolls of immolation
 D - 2 scrolls of enchant weapon
 K - a scroll of vulnerability {unknown}
Potions
 a - 2 potions of agility
 d - 2 potions of ambrosia
 l - 3 potions of haste
 n - 3 potions of berserk rage
 r - 2 potions of cancellation {unknown}
 t - 3 potions of might {unknown}
 u - a potion of lignification
 C - a potion of invisibility
 E - 3 potions of resistance {unknown}
Comestibles
 c - 4 bread rations
 f - 5 meat rations
 j - 5 chunks of flesh
 s - a royal jelly
 v - 2 fruits


   Skills:
 + Level 5.3 Fighting
 + Level 6.6 Short Blades
 + Level 5.4 Armour
 + Level 8.3 Dodging
 - Level 2.4 Stealth
 * Level 13.4 Spellcasting
 + Level 7.9 Conjurations
 + Level 8.3 Fire Magic
 + Level 3.0 Air Magic
 + Level 1.2 Poison Magic
 + Level 5.6 Evocations


You had 13 spell levels left.
You knew the following spells:

 Your Spells              Type           Power        Failure   Level  Hunger
a - Flame Tongue          Conj/Fire      #####        1%          1    None
b - Throw Flame           Conj/Fire      ######       1%          2    None
c - Conjure Flame         Conj/Fire      ######..     1%          3    None
d - Inner Flame           Hex/Fire       #####...     1%          3    None
e - Sticky Flame          Conj/Fire      ######..     1%          4    None
f - Fireball              Conj/Fire      ######....   1%          5    ##.....
g - Static Discharge      Conj/Air       #####...     1%          3    None
h - Mephitic Cloud        Conj/Pois/Air  #####...     1%          3    None


Dungeon Overview and Level Annotations

Branches:
Dungeon (10/15)            Temple (1/1) D:7            Lair (4/6) D:9
  Snake (0/4) Lair:2
  Swamp: Lair:2-4    Shoals: Lair:2-4       Orc: D:9-12

Altars:
Ashenzari
Cheibriados
Dithmenos
Elyvilon
Fedhas
Gozag
Hepliaklqana
Kikubaaqudgha
Makhleb
Nemelex Xobeh
Okawaru
Qazlal
Ru
Sif Muna
Trog
Uskayaw
Vehumet
Wu Jian
Xom
Yredelemnul
Zin
The Shining One
Lugonu

Shops:
D:6 (

Annotations:
D:8 exclusion: statue
Lair:3 exclusion: oklob plant


Innate Abilities, Weirdness & Mutations

You are agile. (Dex +2)
Your mind is acute. (Int +2)
Your movements are slightly less encumbered by armour. (ER -2)


Message History

The fire elemental hits you. The fire elemental burns you!
You puncture the fire elemental!
The fire elemental is moderately damaged.
The fire elemental misses you. The earth elemental closely misses you.
Unknown command.
You hit the fire elemental.
The fire elemental is heavily damaged.
There is a rumble as the volcano erupts.
The roof shakes.
The fire elemental misses you.
Unknown command.
You puncture the fire elemental!
The fire elemental is almost destroyed.
The fire elemental hits you. The fire elemental burns you!
The earth elemental hits you but does no damage.
You hit the fire elemental.
You destroy the fire elemental!
Vehumet accepts your kill.
Unknown command.
The earth elemental hits you!!
You die...

##...####..# ##.#
###.#..#######.∩.
##....##...).##
###....#.######
..##...§§....#
...#EE...#####.$
.###.#....# .
#..######.# #@E#
.%% #)!..∩..#
.#∩# #..#.#### ##
# ####.# ##


You could see 3 earth elementals.

Vanquished Creatures
  A hydra (Lair:3)
  A two-headed ogre (D:9)
  Pikel (D:7)
  2 black mambas (Lair:3)
  An ice statue (D:9)
  A guardian serpent (Lair:2)
  Joseph (D:7)
  A gargoyle (Volcano)
  2 spiny frogs
  2 komodo dragons
  7 ice devils (D:9)
  A queen bee (D:8)
  Prince Ribbit (D:9)
  A hippogriff (D:7)
  Sigmund (D:4)
  A wyvern (Lair:2)
  3 fire bats (Lair:3)
  2 fire elementals (Volcano)
  23 yaks
  A steam dragon (D:9)
  3 hungry ghosts
  4 water moccasins
  2 porcupines (Lair:3)
  3 orc warriors
  2 sky beasts
  A black bear (D:6)
  An eye of draining (D:9)
  A phantom (D:5)
  An ogre (D:4)
  4 ice beasts
  4 slaves (D:7)
  11 wolves
  8 centaurs
  6 crocodiles
  9 bullfrogs
  A scorpion (D:9)
  22 killer bees
  2 electric eels
  A howler monkey (D:4)
  10 wights
  3 crimson imps
  2 bullfrog zombies
  A centaur zombie (D:5)
  4 jellies
  4 hounds
  2 orc priests
  10 orc wizards
  Crazy Yiuf (D:6)
  A bullfrog skeleton (D:7)
  Ijyb (D:4)
  Natasha (thrice) (D:4)
  An iguana (D:9)
  A worker ant (D:8)
  A hound zombie (D:8)
  A worker ant zombie (D:5)
  A gnoll (D:8)
  9 adders
  A shadow imp (D:4)
  5 ufetubi (D:9)
  8 oozes (D:3)
  An adder zombie (D:9)
  5 worms
  2 dart slugs (D:1)
  6 leopard geckos
  22 orcs
  2 ball pythons
  6 bats
  3 giant cockroaches
  6 goblins
  14 hobgoblins
  2 jackals (D:1)
  14 kobolds
  2 quokkas
  8 frilled lizards
  A quokka skeleton (D:4)
  8 rats
312 creatures vanquished.

Vanquished Creatures (others)
  6 fungi
  2 plants (Lair:3)
  6 toadstools (D:3)
14 creatures vanquished.

Grand Total: 326 creatures vanquished

Notes
Turn   | Place    | Note
-------+----------+-------------------------------------------
     0 | D:1      | Kidiri the Deep Elf Fire Elementalist began the quest for the Orb.
     0 | D:1      | Reached XP level 1. HP: 10/10 MP: 6/6
   341 | D:1      | Reached XP level 2. HP: 15/15 MP: 5/8
   345 | D:1      | Learned a level 2 spell: Throw Flame
   856 | D:1      | Reached skill level 4 in Spellcasting
   856 | D:1      | Reached XP level 3. HP: 19/19 MP: 8/10
   861 | D:1      | Learned a level 3 spell: Conjure Flame
   865 | D:1      | Learned a level 3 spell: Inner Flame
  1613 | D:2      | Found an ancient bone altar of Kikubaaqudgha.
  1637 | D:2      | Reached XP level 4. HP: 24/24 MP: 7/12
  1673 | D:2      | Reached skill level 5 in Spellcasting
  1778 | D:2      | Found a shadowy altar of Dithmenos.
  2137 | D:2      | Learned a level 4 spell: Sticky Flame
  2460 | D:3      | Reached XP level 5. HP: 28/28 MP: 2/15
  2973 | D:3      | Found a sacrificial altar of Ru.
  3076 | D:3      | Found a hazy altar of Hepliaklqana.
  3278 | D:4      | Noticed Natasha
  3284 | D:4      | Killed Natasha
  3284 | D:4      | Reached skill level 6 in Spellcasting
  3378 | D:4      | Noticed Sigmund
  3382 | D:4      | Found a blossoming altar of Fedhas.
  3422 | D:4      | Noticed Natasha
  3422 | D:4      | Noticed an orc warrior
  3430 | D:4      | Killed Natasha
  3430 | D:4      | Reached XP level 6. HP: 32/32 MP: 5/17
  3631 | D:3      | Learned a level 5 spell: Fireball
  3634 | D:4      | Noticed an ice beast
  3644 | D:4      | Killed an ice beast
  3644 | D:4      | Reached skill level 7 in Spellcasting
  3653 | D:4      | Killed an orc warrior
  3653 | D:4      | Reached skill level 1 in Short Blades
  3653 | D:4      | Reached XP level 7. HP: 10/37 MP: 2/19
  3693 | D:4      | Noticed Natasha
  3697 | D:4      | Killed Natasha
  3987 | D:4      | Got a jewelled long sword
  3988 | D:4      | Identified the +4 long sword of Crystal {pain, rF+++ rC- rN+ Stlth+} (You found it on level 4 of the Dungeon)
  4252 | D:4      | Noticed Ijyb
  4259 | D:4      | Killed Ijyb
  4738 | D:4      | Reached skill level 1 in Fighting
  4738 | D:4      | Reached skill level 1 in Armour
  4738 | D:4      | Reached skill level 5 in Fire Magic
  4814 | D:4      | Killed Sigmund
  4832 | D:5      | Entered Level 5 of the Dungeon
  4843 | D:5      | Reached skill level 8 in Spellcasting
  4942 | D:5      | Reached XP level 8. HP: 37/43 MP: 11/22
  5109 | D:5      | Found a glowing golden altar of the Shining One.
  5120 | D:5      | Found a burning altar of Makhleb.
  5625 | D:5      | Found a white marble altar of Elyvilon.
  5629 | D:5      | Found a bloodstained altar of Trog.
  6102 | D:6      | Reached skill level 9 in Spellcasting
  6417 | D:6      | Found a runed door.
  6479 | D:6      | Found Buotzuot's Antique Weapon Emporium.
  6670 | D:6      | Reached skill level 5 in Conjurations
  6843 | D:6      | Found a stormy altar of Qazlal.
  6865 | D:6      | Found a glowing silver altar of Zin.
  7111 | D:6      | Got a crude rapier
  7112 | D:6      | Identified the +8 rapier of Glory {holy, +Inv Str+4 Dex+2} (You found it on level 6 of the Dungeon)
  7178 | D:6      | Noticed Crazy Yiuf
  7181 | D:6      | Killed Crazy Yiuf
  7346 | D:7      | Noticed Joseph
  7384 | D:7      | Found a staircase to the Ecumenical Temple.
  7389 | Temple   | Entered the Ecumenical Temple
  7531 | D:7      | Noticed Pikel
  7561 | D:7      | Killed Pikel
  7561 | D:7      | Reached skill level 5 in Dodging
  7561 | D:7      | Reached skill level 1 in Evocations
  7561 | D:7      | Reached XP level 9. HP: 36/49 MP: 4/24
  7638 | D:7      | Found a shadowy altar of Dithmenos.
  7647 | D:7      | Reached skill level 10 in Spellcasting
  7856 | D:7      | Found a sparkling altar of Nemelex Xobeh.
  8700 | D:7      | Killed Joseph
  9245 | D:8      | Found a radiant altar of Vehumet.
  9254 | D:8      | Became a worshipper of Vehumet
  9544 | D:8      | Found an ornate altar of the Wu Jian Council.
  9674 | D:8      | Reached XP level 10. HP: 32/56 MP: 14/26
 10081 | D:8      | Reached * piety under Vehumet
 10081 | D:8      | Offered knowledge of Freeze by Vehumet.
 10429 | D:8      | Reached skill level 11 in Spellcasting
 11248 | D:9      | Gained mutation: You are robust. (+10% HP) [mutagenic meat]
 11250 | D:9      | Gained mutation: You have a pair of small horns on your head. [mutagenic meat]
 11251 | D:9      | Gained mutation: You have large cloven feet. [mutagenic meat]
 11252 | D:9      | Gained mutation: You are partially covered in molten scales. (AC +2) [mutagenic meat]
 11253 | D:9      | Lost mutation: You are robust. (+10% HP) [mutagenic meat]
 11273 | D:9      | Noticed a two-headed ogre
 11283 | D:9      | Killed a two-headed ogre
 11355 | D:9      | Noticed an ice statue
 11537 | D:9      | Reached skill level 5 in Short Blades
 11926 | D:9      | Reached ** piety under Vehumet
 11926 | D:9      | Offered knowledge of Magic Dart by Vehumet.
 11949 | D:9      | Reached XP level 11. HP: 62/62 MP: 17/28
 12362 | D:9      | Noticed Prince Ribbit
 12376 | D:9      | Killed Prince Ribbit
 12600 | D:9      | Found a staircase to the Lair.
 12612 | D:9      | Reached skill level 12 in Spellcasting
 12883 | D:9      | Found a blossoming altar of Fedhas.
 13167 | D:9      | Lost mutation: You have large cloven feet. [potion of mutation]
 13167 | D:9      | Lost mutation: You have a pair of small horns on your head. [potion of mutation]
 13167 | D:9      | Gained mutation: You have a pair of small horns on your head. [potion of mutation]
 13167 | D:9      | Gained mutation: You occasionally shout uncontrollably at your foes. [potion of mutation]
 13167 | D:9      | Gained mutation: You have sharp fingernails. [potion of mutation]
 13168 | D:9      | Lost mutation: You have sharp fingernails. [potion of mutation]
 13168 | D:9      | Lost mutation: You have a pair of small horns on your head. [potion of mutation]
 13168 | D:9      | Lost mutation: You occasionally shout uncontrollably at your foes. [potion of mutation]
 13168 | D:9      | Gained mutation: Your natural rate of healing is unusually fast. [potion of mutation]
 13168 | D:9      | Lost mutation: Your natural rate of healing is unusually fast. [potion of mutation]
 13168 | D:9      | Gained mutation: Your muscles are strong. (Str +2) [potion of mutation]
 13169 | D:9      | Lost mutation: You are partially covered in molten scales. (AC +2) [potion of mutation]
 13169 | D:9      | Lost mutation: Your muscles are strong. (Str +2) [potion of mutation]
 13169 | D:9      | Gained mutation: You are frail. (-10% HP) [potion of mutation]
 13169 | D:9      | Gained mutation: You are resistant to hostile enchantments. (MR+) [potion of mutation]
 13294 | D:10     | Entered Level 10 of the Dungeon
 13310 | D:10     | Offered knowledge of Static Discharge by Vehumet.
 13426 | D:9      | Learned a level 3 spell: Static Discharge
 13427 | Lair:1   | Entered Level 1 of the Lair of Beasts
 13642 | Lair:1   | Lost mutation: You are frail. (-10% HP) [potion of mutation]
 13642 | Lair:1   | Lost mutation: You are resistant to hostile enchantments. (MR+) [potion of mutation]
 13642 | Lair:1   | Gained mutation: You are somewhat resistant to further mutation. [potion of mutation]
 13899 | Lair:1   | Lost mutation: You are somewhat resistant to further mutation. [potion of mutation]
 13899 | Lair:1   | Gained mutation: Your mind is acute. (Int +2) [potion of mutation]
 13899 | Lair:1   | Gained mutation: Your movements are slightly less encumbered by armour. (ER -2) [potion of mutation]
 13899 | Lair:1   | Gained mutation: You are agile. (Dex +2) [potion of mutation]
 14141 | Lair:1   | Reached skill level 1 in Air Magic
 14596 | Lair:2   | Reached *** piety under Vehumet
 14599 | Lair:2   | Reached skill level 5 in Evocations
 14667 | Lair:2   | Found a staircase to the Snake Pit.
 14735 | Lair:2   | Reached skill level 5 in Armour
 14761 | Lair:2   | Reached skill level 5 in Fighting
 14835 | Lair:2   | Offered knowledge of Mephitic Cloud by Vehumet.
 14838 | Lair:2   | Reached skill level 13 in Spellcasting
 14847 | Lair:2   | Reached XP level 12. HP: 64/68 MP: 15/31
 14863 | Lair:2   | Found a dark tunnel.
 14917 | Lair:2   | You fall through a shaft for 2 floors!
 14924 | Lair:4   | Learned a level 3 spell: Mephitic Cloud
 14972 | Lair:4   | Noticed an eight-headed hydra
 15346 | Lair:3   | Noticed a four-headed hydra
 15351 | Lair:3   | Killed a four-headed hydra
 15481 | Lair:3   | Reached **** piety under Vehumet
 15483 | Lair:3   | Found a dark tunnel.
 15492 | Volcano  | Entered a volcano
 15514 | Volcano  | Reached skill level 1 in Poison Magic
 15576 | Volcano  | Mangled by an earth elemental

Vault maps used:
D:1:      lemuel_arrival_rhombus
D:2:      lemuel_crystal_altar, lemuel_crystal_altar
D:3:      cheibrodos_fertilizer, nicolae_ru_the_path_less_chosen,
          marbit_many_paths
D:4:      kennysheep_mini, first_bread, grunt_ministairs_2, uniq_natasha,
          uniq_sigmund, uniq_ijyb
D:5:      overflow_temple_1_default, makhleb_grotto_becter,
          gammafunk_temple_overflow_statue, kennysheep_dice
D:6:      overflow_temple_1_default, kennysheep_little_box, serial_shops,
          nicolae_shop_stone, uniq_crazy_yiuf_cottage
D:7:      nemelex_altar_shiori, minmay_temple_entry_steel_oval,
          nicolae_dithmenos_shadow_blocks, uniq_pikel, uniq_joseph
D:8:      vehumet_statue, basic_altar, david_nohive_1, sigmund_army
D:9:      cheibrodos_frozen_isle, lair_entry_dummy, fedhas_altar_4,
          uniq_prince_ribbit1
D:10:     orc_0_dummy, due_unseen_surprise
Temple:   corrupted_temple
Lair:1:   serial_bayou_pond_a
Lair:2:   elwin_shoals_entry_rooms, minmay_snake_entry_spellcaster,
          enter_volcano_1, serial_bayou_lagoon_b, serial_bayou_shore_b
Lair:3:   serial_bayou, serial_bayou_pond_c, serial_bayou_pond_e,
          serial_bayou_ford_a, serial_bayou_pond_a,
          nicolae_volcano_entry_batcave, grunt_megastairs_4,
          minmay_lair_oklob_chamber
Lair:4:   minmay_another_anthill, serial_bayou_shore_a
Volcano:  volcano_caves

Skill      XL: |  1  2  3  4  5  6  7  8  9 10 11 12 |
---------------+-------------------------------------+-----
Spellcasting   | 4 5 6 7 8 9 10 11 13 | 13.4
Fire Magic     | 4 5 6 7 8 |  8.3
Conjurations   | 2 3 4 5 6 7 |  7.9
Short Blades   | 1 3 4 5 6 |  6.6
Fighting       | 1 2 3 4 5 |  5.3
Armour         | 1 2 3 4 5 |  5.4
Dodging        | 3 5 7 8 |  8.3
Evocations     | 1 2 4 5 |  5.6
Air Magic      | 2 3 |  3.0
Poison Magic   | 1 |  1.2
Stealth        | |  2.4

Action                   |  1- 3 |  4- 6 |  7- 9 | 10-12 || total
-------------------------+-------+-------+-------+-------++-------
Melee: Unarmed           |     7 |       |       |       ||     7
       Dagger            |    13 |    19 |       |       ||    32
       Short sword       |       |    16 |     1 |       ||    17
       Long sword        |       |       |    65 |       ||    65
       Rapier            |       |       |    52 |   162 ||   214
       Headbutt          |       |       |       |     3 ||     3
 Cast: Flame Tongue      |    61 |    57 |    75 |    98 ||   291
       Throw Flame       |     4 |     4 |    14 |    17 ||    39
       Conjure Flame     |       |     8 |    10 |     8 ||    26
       Sticky Flame      |       |     4 |    30 |    73 ||   107
       Inner Flame       |       |     2 |     7 |     7 ||    16
       Fireball          |       |       |     4 |    33 ||    37
       Static Discharge  |       |       |       |     4 ||     4
       Mephitic Cloud    |       |       |       |     1 ||     1
Evoke: Wand              |       |       |       |     2 ||     2
  Use: Scroll            |     7 |     4 |     7 |     9 ||    27
       Potion            |       |       |     2 |    10 ||    12
 Stab: Sleeping          |     3 |     6 |     5 |     2 ||    16
       Distracted        |       |       |       |     1 ||     1
  Eat: Chunk             |     2 |     7 |    12 |    14 ||    35
       Royal jelly       |       |       |     2 |     7 ||     9
       Fruit             |       |       |     1 |       ||     1
       Bread ration      |       |       |     1 |       ||     1
Armor: Robe              |    10 |    14 |     8 |       ||    32
       Leather armour    |       |       |    68 |    94 ||   162
Dodge: Dodged            |    25 |    26 |   146 |   220 ||   417
       Rpst.: Long sword |       |       |    16 |       ||    16

Table legend:
 A = Spawn XP
 B = Non-spawn XP
 C = Spawn XP percentage of total XP
 D = Spawn monster count
 E = Non-spawn monster count
 F = Spawn count percentage of total count
 G = Total turns spent on level
                    A         B        C        D         E        F      G
               +---------+---------+-------+---------+---------+-------+---------
         Total |    2401 |   24493 |   8.9 |      41 |     267 |  13.3 | 15576
               +---------+---------+-------+---------+---------+-------+---------
           D:1 |      11 |      42 |  20.8 |       6 |      23 |  20.7 |  1142
           D:2 |       5 |      56 |   8.2 |       3 |      16 |  15.8 |  1092
           D:3 |      31 |     132 |  19.0 |       7 |      23 |  23.3 |  1406
           D:4 |     138 |     801 |  14.7 |       2 |      17 |  10.5 |  1266
           D:5 |      94 |     617 |  13.2 |       5 |      18 |  21.7 |  1225
           D:6 |       0 |     516 |   0.0 |       0 |       9 |   0.0 |  1143
           D:7 |       3 |    2194 |   0.1 |       1 |      19 |   5.0 |  1628
           D:8 |      81 |    2427 |   3.2 |       4 |      40 |   9.1 |  2004
           D:9 |    1789 |    4445 |  28.7 |      11 |      35 |  23.9 |  2217
          D:10 |       0 |    1220 |   0.0 |       0 |       6 |   0.0 |    73
        Lair:1 |     249 |    1013 |  19.7 |       2 |       7 |  22.2 |  1079
        Lair:2 |       0 |    6350 |   0.0 |       0 |      34 |   0.0 |   411
        Lair:3 |       0 |    3778 |   0.0 |       0 |      16 |   0.0 |   501
        Lair:4 |       0 |      90 |   0.0 |       0 |       1 |   0.0 |    74
       Volcano |       0 |     812 |   0.0 |       0 |       3 |   0.0 |    84
               +---------+---------+-------+---------+---------+-------+---------
